 Dungeon Crawl Stone Soup version 0.23.0 (webtiles) character file.

Game seed: 10730450094673348784

81 Luthien the Conjurer (level 4, -5/24 HPs)
             Began as a Deep Elf Conjurer on Feb 18, 2019.
             Slain by an ice beast (14 damage)
             ... on level 2 of the Dungeon.
             The game lasted 00:12:22 (2478 turns).

Luthien the Conjurer (Deep Elf Conjurer)            Turns: 2478, Time: 00:12:23

Health: -5/24      AC:  5    Str:  8    XL:     4   Next: 20%
Magic:  8/11       EV: 13    Int: 21    God:
Gold:   107        SH:  0    Dex: 15    Spells: 9/10 levels left

rFire    . . .     SeeInvis .   e - +0 dagger
rCold    . . .     Gourm    .   (no shield)
rNeg     . . .     Faith    .   a - +1 robe
rPois    .         Spirit   .   (no helmet)
rElec    .         Reflect  .   (no cloak)
rCorr    .         Harm     .   d - +1 pair of gloves {Str+3}
MR       .....                  (no boots)
Stlth    ++........             j - amulet of the acrobat
HPRegen  0.08/turn              (no ring)
MPRegen  0.12/turn              (no ring)

@: no status effects
A: no striking features
a: no special abilities


You were on level 2 of the Dungeon.
You were very hungry.

You visited 1 branch of the dungeon, and saw 3 of its levels.

You collected 107 gold pieces.

Inventory:

Hand Weapons
 e - a +0 dagger (weapon)
Armour
 a - a +1 robe (worn)
 d - a +1 pair of gloves of strength (worn)
Jewellery
 j - an amulet of the acrobat (around neck)
Scrolls
 b - 2 scrolls of remove curse
Potions
 f - 2 potions of flight {unknown}
 i - 2 potions of curing {unknown}
 k - a potion of berserk rage {unknown}
Comestibles
 c - 3 rations


   Skills:
 + Level 2.7 Dodging
 + Level 3.0 Stealth
 + Level 3.8 Spellcasting
 + Level 5.6 Conjurations


You had 9 spell levels left.
You knew the following spells:

 Your Spells              Type           Power        Failure   Level  Hunger
a - Magic Dart            Conj           ####         1%          1    None

Your spell library contained the following spells:

 Spells                   Type           Power        Failure   Level  Hunger
 Searing Ray              Conj           ####..       1%          2    #......
 Dazzling Spray           Conj/Hex       ###...       12%         3    ###....
 Iskenderun's Mystic Bla  Conj           ####....     12%         4    ####...
 Force Lance              Conj/Tloc      ###.....     36%         4    ####...
 Fulminant Prism          Conj/Hex       ###.......   36%         4    ####...


Dungeon Overview and Level Annotations

Branches:
Dungeon (3/15)

Altars:


Message History

The ice beast is lightly wounded.
The ice beast misses you.
Casting: Magic Dart (safe; 1% risk of failure)
Confirm with . or Enter, or press ? or * to list all spells.
Aiming: Magic Dart (safe; 1% risk of failure)
Press: ? - help, Shift-Dir - straight line, f/p - ice beast
Aim: an ice beast (lightly wounded)
The magic dart hits the ice beast.
The ice beast is moderately wounded.
The ice beast barely misses you.
Casting: Magic Dart (safe; 1% risk of failure)
Confirm with . or Enter, or press ? or * to list all spells.
Aiming: Magic Dart (safe; 1% risk of failure)
Press: ? - help, Shift-Dir - straight line, f/p - ice beast
Aim: an ice beast (moderately wounded)
The magic dart hits the ice beast.
The ice beast is moderately wounded.
The ice beast hits you. The ice beast freezes you!
Ouch! That really hurt!
You die...

##.#########............##.
#....J..................###
###########.........(####
#..........#
####.#+##.##### #.......#.#
#.......#.# #..Y......####
#..@....##...#
#.......##Y..#
#.......##...#
#.......##...# ##
####'#####...# #. #.# #...#
#. #.# #...# #Y
########'#####...## #.
#..........#......#####.


You could see an ice beast.

Vanquished Creatures
  4 adders (D:2)
  An ooze (D:1)
  A dart slug (D:1)
  3 leopard geckos
  An orc (D:2)
  2 ball pythons
  5 goblins
  5 hobgoblins
  2 kobolds
  2 quokkas (D:2)
  6 bats
  A frilled lizard (D:1)
  3 rats
36 creatures vanquished.

Notes
Turn   | Place    | Note
-------+----------+-------------------------------------------
     0 | D:1      | Luthien the Deep Elf Conjurer began the quest for the Orb.
     0 | D:1      | Reached XP level 1. HP: 10/10 MP: 6/6
   268 | D:1      | Reached XP level 2. HP: 15/15 MP: 5/8
   896 | D:2      | Reached skill level 5 in Conjurations
   966 | D:1      | Reached XP level 3. HP: 2/19 MP: 0/9
  1809 | D:2      | Reached XP level 4. HP: 24/24 MP: 8/11
  2397 | D:3      | Noticed an ice beast
  2478 | D:2      | Slain by an ice beast

Skill      XL: |  1  2  3  4 |
---------------+-------------+-----
Conjurations   | 5 |  5.6
Stealth        | 3 |  3.0
Dodging        | |  2.7
Spellcasting   | |  3.8

Action                   |  1- 3 |  4- 6 || total
-------------------------+-------+-------++-------
 Cast: Magic Dart        |    73 |    21 ||    94
  Use: Scroll            |     4 |     2 ||     6
       Potion            |     1 |       ||     1
  Eat: Chunk             |     3 |       ||     3
Armor: Robe              |     2 |     3 ||     5
Dodge: Dodged            |    18 |    20 ||    38
